AoeStats
← 黑暗中漫舞.

Lombardia

508639381Analyzed
4v4 RM · 8d ago on Sep 23, 2026· 25m 5s· 8 players
Game mode
Random Map
Map size
Large (8 player)
Population
200
Speed
Normal
Resources
Standard
Victory
Conquest
Starting age
Dark Age
Ending age
Imperial Age
RankedLock teamsTeams togetherTeam positionsShared explorationLock speedFull tech treeHidden civsTurbo modeCheats
Victory
Defeat
🇨🇳 Danes · China
1809
+14
🇨🇳 Danes · China
1780
+15
🇨🇳 Persians · China
1759
+16
🇨🇳 Saxons · China
1678
+19
🇨🇳 Saxons · China
1897
-22
🇨🇳 Magyars · China
1823
-19
🇨🇳 Varangians · China
1701
-14
🇨🇳 Romans · China
1586
-9
绯雪
7:08 Loom
10:40 Feudal Age
15:09 Castle Age
13:56 Double-Bit Axe
24:29 Fletching
十大地方
9:06 Feudal Age
7:24 Loom
10:09 Horse Collar
10:15 Double-Bit Axe
19:26 Castle Age
20:07 Bow Saw
24:44 Wheelbarrow
ARKINE
10:43 Feudal Age
12:01 Double-Bit Axe
14:39 Castle Age
13:02 Horse Collar
16:23 Bow Saw
16:15 Heavy Plow
23:09 Wheelbarrow
24:51 Gold Mining
胖丁
10:39 Feudal Age
14:19 Castle Age
13:11 Double-Bit Axe
13:07 Horse Collar
16:34 Bow Saw
22:20 Wheelbarrow
21:31 Loom
23:42 Town Watch
23:59 Gold Mining
24:42 Squires
24:27 Arson
24:57 Scale Mail Armor
Paladin
8:54 Feudal Age
10:03 Double-Bit Axe
11:55 Town Watch
13:00 Horse Collar
14:58 Wheelbarrow
15:18 Bloodlines
16:07 Forging
17:22 Scale Barding Armor
21:56 Castle Age
Starsky
10:21 Feudal Age
8:55 Loom
11:42 Double-Bit Axe
14:01 Castle Age
12:11 Horse Collar
16:08 Bow Saw
21:05 Wheelbarrow
22:53 Heavy Plow
24:21 Hand Cart
24:30 Gold Mining
黑暗中漫舞.
6:21 Loom
11:41 Feudal Age
13:50 Horse Collar
16:21 Castle Age
15:07 Double-Bit Axe
17:26 Bow Saw
18:37 Heavy Plow
19:12 Scale Barding Armor
24:09 Wheelbarrow
24:27 Town Watch
Chase_Li
8:34 Feudal Age
9:01 Loom
9:02 Double-Bit Axe
11:10 Town Watch
14:10 Bloodlines
19:41 Castle Age
17:38 Horse Collar
20:13 Scale Barding Armor
19:44 Light Cavalry
22:21 Bow Saw
24:36 Wheelbarrow
Connection lost

Rejoining the realm…

Still unreachable

The connection could not be restored.

Session expired

The server has moved on; the page needs a fresh start.